[Event "Team 45 45 League T76"]
[Site "Internet Chess Club"]
[Date "2018.03.26"]
[Round "1"]
[White "jorobo"]
[Black "room-matt"]
[Result "1-0"]
[WhiteElo "1952"]
[BlackElo "1785"]
[Opening "QGA: classical, 6...a6"]
[ECO "D27"]
[Time "11:32:42"]
[TimeControl "2700+45"]

1. d4 d5 2. c4 dxc4 3. Nf3 Nf6 4. e3 e6 5. Bxc4 c5 6. O-O a6 7. dxc5 Qxd1 8.
Rxd1 Bxc5 9. Nbd2 O-O 10. Nb3 Be7 11. Ne5 Nbd7 12. Nxd7 Bxd7 13. e4 Ba4 14. f3
Rac8 15. Bd3 e5 16. Be3 Rfd8 17. Rdc1 Rxc1+ 18. Nxc1 Bc6 19. Kf2 h6 20. Ke2 Bd7
21. Nb3 b5 22. Rc1 Rc8 23. Nc5 Bxc5 24. Rxc5 Rxc5 25. Bxc5 Bc6 26. Bd6 Nd7 27.
a4 f6 28. axb5 axb5 29. Bc2 g6 30. Bb3+ Kg7 31. Be6 Nb6 32. b3 Bd7 33. Bxd7 Nxd7
34. Kd3 Kf7 35. Kc3 f5 36. exf5 gxf5 37. Kb4 Ke6 38. Bc7 Nf6 39. Kxb5 Nd5 40.
Ba5 Nf4 41. g3 Ne2 42. Kc4 Ng1 43. f4 e4 44. b4 Nf3 45. b5 Kd6 46. Bb4+ Kc7 47.
h4 Nh2 48. Be1 Nf1 49. Kc5 e3 50. Ba5+ Kb7 51. Kd4 e2 52. Be1 Kb6 53. Kc4 Ne3+
54. Kd3 Nd5 55. Kd4 Nc7 56. Ke5 Nxb5 57. Kxf5 Nd4+ 58. Kg6 Nc2 59. Bf2+ Kc6 60.
f5 e1=Q 61. Bxe1 Nxe1 62. f6 Nd3 63. f7 Ne5+ 64. Kg7 Nd7 65. Kxh6 Kd6 66. Kg7
Ke7 67. h5 Nf8 68. h6 Ne6+ 69. Kg8 Nf8 70. g4 Nd7 71. g5 {Black resigns} 1-0

[Event "Team 45 45 League T76"]
[Site "Internet Chess Club"]
[Date "2018.03.22"]
[Round "1"]
[White "kaiclc"]
[Black "Goli"]
[Result "0-1"]
[WhiteElo "1275"]
[BlackElo "1665"]
[Opening "Pirc: classical system, 5.Be2"]
[ECO "B06"]
[Time "16:01:50"]
[TimeControl "2700+45"]

1. e4 g6 2. d4 Bg7 3. Nf3 d6 4. Be2 Nf6 5. Nc3 O-O 6. O-O Bg4 7. h3 Bxf3 8. Bxf3
Nc6 9. Bf4 e5 10. dxe5 Nxe5 11. Nd5 Nxf3+ 12. Qxf3 Nxd5 13. exd5 Bxb2 14. Rab1
Qf6 15. Bg3 b6 16. Qxf6 Bxf6 17. f4 Bd4+ 18. Kh2 Rfe8 19. Rb4 Bc5 20. Rc4 Re2
21. f5 Rae8 22. a4 a5 23. Bf4 R8e4 24. Rc3 f6 25. h4 Kg7 26. Rg3 Rf2 27. Rxf2
Bxf2 28. Rf3 Bxh4 29. g3 Bg5 30. Bxg5 fxg5 31. f6+ Kf7 32. Rc3 Rxa4 33. Rxc7+
Kxf6 34. Rxh7 Rc4 35. Rd7 Rxc2+ 36. Kh3 Ke5 37. Rc7 {White resigns} 0-1

[Event "Team 45 45 League T76"]
[Site "Internet Chess Club"]
[Date "2018.03.26"]
[Round "1"]
[White "zap2"]
[Black "bennywins"]
[Result "0-1"]
[WhiteElo "1653"]
[BlackElo "1580"]
[Opening "Réti: King's Indian attack (Barcza system)"]
[ECO "A07"]
[Time "12:02:13"]
[TimeControl "2700+45"]

1. Nf3 d5 2. g3 Nf6 3. Bg2 Nc6 4. d3 e5 5. Nbd2 Bc5 6. e4 d4 7. O-O h6 8. Nc4
Bd6 9. a4 Be6 10. b3 Qd7 11. Nfxe5 Bxe5 12. f4 Ng4 13. Nxe5 Ncxe5 14. fxe5 Nxe5
15. Qh5 g5 16. h3 O-O-O 17. Rf6 Ng6 18. Kh2 Qe7 19. Qf3 g4 20. hxg4 Ne5 21. Qf4
Nxg4+ 22. Kg1 Qxf6 23. Bd2 Qxf4 24. gxf4 f5 25. Bf3 Rdg8 26. Kh1 h5 27. c3 dxc3
28. Bxc3 Rh7 29. Be2 h4 30. Bd4 h3 31. a5 a6 32. b4 Nh2 33. Rg1 Rxg1+ 34. Kxg1
Ng4 35. Bf3 h2+ 36. Kh1 Rd7 37. Bc5 Rxd3 38. Bxg4 fxg4 39. Kxh2 Rf3 40. f5 Bxf5
41. exf5 Rxf5 42. Kg3 Rxc5 43. bxc5 b6 44. cxb6 cxb6 45. axb6 a5 46. Kxg4 a4 47.
Kf5 a3 48. Ke6 a2 49. Kd6 a1=Q 50. Kc6 Qc3+ 51. Kb5 Kb7 52. Ka4 Qb2 53. Ka5
Qxb6+ 54. Ka4 Kc6 55. Ka3 Kc5 56. Ka2 Kc4 {White resigns} 0-1

[Event "Team 45 45 League T76"]
[Site "Internet Chess Club"]
[Date "2018.03.25"]
[Round "1"]
[White "rubo"]
[Black "idjit"]
[Result "1-0"]
[WhiteElo "1597"]
[BlackElo "1567"]
[Opening "French: advance, Paulsen attack"]
[ECO "C02"]
[Time "20:05:27"]
[TimeControl "2700+45"]

1. e4 e6 2. d4 d5 3. e5 c5 4. c3 Nc6 5. Nf3 Qb6 6. Be2 Be7 7. O-O f6 8. Re1 Bd7
9. Bd3 fxe5 10. dxe5 Nh6 11. Qc2 O-O-O 12. Be3 Nf7 13. Nbd2 Nfxe5 14. Nxe5 Nxe5
15. Be2 Qd6 16. b4 Qc7 17. bxc5 Bxc5 18. Bxc5 Qxc5 19. Nb3 Qc7 20. Rac1 Nc4 21.
g3 Kb8 22. Bg4 e5 23. Bxd7 Qxd7 24. Nc5 Qc6 25. Nd3 Rhe8 26. Re2 Re6 27. Rce1
Rde8 28. Nb4 Qd7 29. Qxh7 Rh6 30. Qd3 Nb6 31. Qf3 Qh3 32. Qg2 Qxg2+ 33. Kxg2
Rhe6 34. f3 a5 35. Nd3 Nc4 36. h4 b5 37. Rb1 Nd6 38. Nc5 R6e7 39. a3 Rc8 40.
Rxe5 Rxe5 41. Nd7+ Kb7 42. Nxe5 Rxc3 43. Rd1 Rxa3 44. Rxd5 Kc7 45. Rc5+ Kb7 46.
h5 b4 47. Rc6 b3 48. Rxd6 b2 49. Rb6+ Kxb6 50. Nc4+ Kc5 51. Nxa3 Kb4 52. Nb1 Kb3
53. g4 Kc2 54. Na3+ Kb3 55. Nb1 Ka2 56. Nc3+ Kb3 57. Nb1 Ka2 58. Nd2 {Black
resigns} 1-0

[Event "Team 45 45 League T76"]
[Site "Internet Chess Club"]
[Date "2018.03.23"]
[Round "1"]
[White "Pawnchain"]
[Black "Constrictor"]
[Result "0-1"]
[WhiteElo "1347"]
[BlackElo "1575"]
[Opening "Queen's pawn, Mason variation"]
[ECO "D00"]
[Time "17:00:20"]
[TimeControl "2700+45"]

1. d4 d5 2. Bf4 Nf6 3. e3 Bf5 4. Nd2 e6 5. c3 Bd6 6. Bg3 O-O 7. Qb3 Qc8 8. Be2
Bxg3 9. hxg3 Nbd7 10. Ngf3 c5 11. Nh4 c4 12. Qd1 Be4 13. Nxe4 Nxe4 14. Bf3 Ndf6
15. Bxe4 Nxe4 16. Qg4 Qd8 17. Nf3 Qf6 18. Qh5 Qg6 19. Qh4 h6 20. Ne5 Qf6 21.
Qxf6 Nxf6 22. Ke2 Ne4 23. Rh4 b5 24. a3 a5 25. Rah1 b4 26. axb4 axb4 27. Ng4
bxc3 28. Nxh6+ gxh6 29. Rxh6 cxb2 30. R1h4 Kg7 31. R6h5 b1=Q 32. Rg4+ Kf6 33.
Rf4+ Ke7 {White resigns} 0-1

[Event "Team 45 45 League T76"]
[Site "Internet Chess Club"]
[Date "2018.03.24"]
[Round "1"]
[White "g8wrb"]
[Black "liujf"]
[Result "0-1"]
[WhiteElo "1302"]
[BlackElo "1565"]
[Opening "Ruy Lopez: Wormald (Alapin) attack"]
[ECO "C77"]
[Time "10:06:28"]
[TimeControl "2700+45"]

1. e4 e5 2. Nf3 Nc6 3. Bb5 a6 4. Ba4 Nf6 5. Qe2 b5 6. Bb3 Bc5 7. O-O O-O 8. Rd1
Re8 9. d3 h6 10. Nbd2 d6 11. h3 Bb7 12. c3 Qe7 13. Nf1 Bb6 14. Be3 Bxe3 15. Nxe3
Qd7 16. Nf5 Ne7 17. N3h4 d5 18. Bc2 Kh7 19. Qf3 Nc6 20. Qg3 Nh5 21. Qf3 Nf4 22.
Ne3 dxe4 23. dxe4 Qe7 24. Nef5 Qf6 25. Rd7 Rac8 26. Rad1 g5 27. Bb3 Nd8 28. Nxh6
Kxh6 29. R7d6 Nde6 30. Nf5+ Kh7 31. Rd7 Red8 32. Ne7 Rxd7 33. Rxd7 Rd8 34. Qd1
Rxd7 35. Qxd7 Ne2+ 36. Kf1 Ng3+ 37. Kg1 Nxe4 38. Bc2 Qxf2+ 39. Kh2 Qxc2 {White
resigns} 0-1

[Event "Team 45 45 League T76"]
[Site "Internet Chess Club"]
[Date "2018.03.22"]
[Round "1"]
[White "oldprez1"]
[Black "SeniorCitizen"]
[Result "1-0"]
[WhiteElo "1271"]
[BlackElo "1203"]
[Opening "English: Bremen, Smyslov system"]
[ECO "A22"]
[Time "14:01:18"]
[TimeControl "2700+45"]

1. c4 e5 2. Nc3 Nf6 3. g3 Bb4 4. Bg2 Bxc3 5. bxc3 O-O 6. Nf3 Re8 7. Nh4 d5 8.
cxd5 Nxd5 9. e3 c6 10. O-O Nf6 11. Qb3 Qc7 12. e4 Nbd7 13. Qc2 b6 14. d3 Bb7 15.
f4 c5 16. fxe5 Nxe5 17. Bf4 Qe7 18. Nf5 Qd8 19. Rad1 Ba6 20. Bxe5 Rxe5 21. Rfe1
Bb7 22. d4 cxd4 23. Rxd4 Qc7 24. Nd6 Rd8 25. Red1 Rf8 26. Nxb7 Qxb7 27. Rd8 Qe7
28. Rxf8+ Kxf8 29. Rd4 g6 30. Qb1 Qc5 31. Qb4 Qxb4 32. cxb4 Re7 33. h3 Kg7 34.
Kf2 Rd7 35. Ke3 Re7 36. h4 h6 37. Kf4 Nh5+ 38. Kf3 Kf6 39. Rd6+ Re6 40. Rxe6+
Kxe6 41. Bh3+ Ke5 42. g4 Nf4 43. Bf1 f6 44. Bc4 g5 45. h5 Ne6 46. Bxe6 Kxe6 47.
Ke2 a6 48. a3 Kd6 49. Kd3 Kc6 50. Kd4 Kd6 51. Kd3 b5 52. Kd4 Kc6 53. e5 f5 54.
gxf5 g4 55. Ke4 g3 56. Kf3 Kd5 57. f6 Ke6 58. Kxg3 {Black resigns} 1-0

[Event "Team 45 45 League T76"]
[Site "Internet Chess Club"]
[Date "2018.03.23"]
[Round "1"]
[White "noblitz-oblige"]
[Black "mongmong"]
[Result "1/2-1/2"]
[WhiteElo "1506"]
[BlackElo "1490"]
[Opening "French: exchange variation"]
[ECO "C01"]
[Time "20:32:40"]
[TimeControl "2700+45"]

1. e4 e6 2. d4 d5 3. exd5 exd5 4. Nf3 Nc6 5. h3 Bd6 6. Bd3 Nge7 7. O-O O-O 8.
Nc3 Nb4 9. Re1 Nxd3 10. Qxd3 c6 11. Bg5 f6 12. Bd2 Bf5 13. Qe2 Ng6 14. Rac1 Re8
15. Qxe8+ Qxe8 16. Rxe8+ Rxe8 17. Nd1 Bf4 18. Ne3 Be4 19. Nh2 Bxe3 20. Bxe3 Bf5
21. c3 Bd7 {Game drawn by mutual agreement} 1/2-1/2

[Event "Team 45 45 League T76"]
[Site "Internet Chess Club"]
[Date "2018.03.24"]
[Round "1"]
[White "zethhon"]
[Black "fao9944"]
[Result "0-1"]
[WhiteElo "1335"]
[BlackElo "1512"]
[Opening "King's Indian: London system"]
[ECO "A48"]
[Time "10:30:23"]
[TimeControl "2700+45"]

1. d4 Nf6 2. Nf3 g6 3. Bf4 Bg7 4. e3 O-O 5. c4 d6 6. Nc3 c5 7. dxc5 dxc5 8. Nb5
Na6 9. Be2 Ne4 10. O-O Bxb2 11. Rb1 Bg7 12. Qc2 Nf6 13. Rfd1 Qa5 14. Qb3 Bf5 15.
Rbc1 Nb4 16. a3 Nc6 17. Ne1 Rac8 18. e4 Nxe4 19. f3 Nf6 20. Bd2 Qa6 21. Be3 Na5
22. Qa4 b6 23. Bd2 Rfd8 24. Nc2 Be6 25. Bf4 Qb7 26. Bd2 Nc6 27. f4 Ne4 28. Be3
a6 29. Re1 axb5 30. Qxb5 Nc3 31. Qb3 Na5 32. Qb2 Nxe2+ 33. Rxe2 Bxb2 {White
resigns} 0-1

[Event "Team 45 45 League T76"]
[Site "Internet Chess Club"]
[Date "2018.03.23"]
[Round "1"]
[White "OGO"]
[Black "Kingofknights"]
[Result "0-1"]
[WhiteElo "1368"]
[BlackElo "1476"]
[Opening "Caro-Kann: Steinitz variation"]
[ECO "B17"]
[Time "15:01:01"]
[TimeControl "2700+45"]

1. e4 c6 2. d4 d5 3. Nc3 dxe4 4. Nxe4 Nd7 5. Nf3 Ngf6 6. Bd3 Nxe4 7. Bxe4 Nf6 8.
Qd3 g6 9. c3 Bg7 10. O-O Nxe4 11. Qxe4 Bf5 12. Qe3 O-O 13. Ng5 Qd6 14. Bd2 e5
15. Rad1 exd4 16. cxd4 Bg4 17. Nf3 Bxf3 18. Qxf3 Qxd4 19. Bc3 Qb6 20. Rd7 Rad8
21. Rfd1 Rxd7 22. Rxd7 Bxc3 23. Qxc3 Rd8 24. Rd2 Rxd2 25. Qxd2 Qc7 26. b3 Qe5
27. g3 Qd5 28. Qe3 b6 29. Qe8+ Kg7 30. Qb8 Qa5 31. a4 h5 32. Qc7 a6 33. Qxc6 Qc5
34. Qxc5 bxc5 35. Kf1 Kf6 36. Ke2 Ke5 37. Kd3 Kd5 38. Kc3 a5 39. f3 g5 40. Kd3
f5 41. Ke3 c4 42. bxc4+ Kxc4 43. h3 Kb4 44. Kd3 Kxa4 45. Kc4 Ka3 46. Kc3 a4 47.
g4 hxg4 48. hxg4 f4 49. Kc2 Kb4 50. Kb2 Kc4 {White resigns} 0-1

[Event "Team 45 45 League T76"]
[Site "Internet Chess Club"]
[Date "2018.03.24"]
[Round "1"]
[White "smsxman"]
[Black "kingsrook"]
[Result "1-0"]
[WhiteElo "1291"]
[BlackElo "1154"]
[Opening "Sicilian: Taimanov variation"]
[ECO "B45"]
[Time "13:00:26"]
[TimeControl "2700+45"]

1. e4 c5 2. Nc3 e6 3. Nf3 Nc6 4. d4 cxd4 5. Nxd4 Bb4 6. Nxc6 bxc6 7. Bd2 Nf6 8.
Bd3 O-O 9. O-O d5 10. a3 dxe4 11. Nxe4 Bxd2 12. Nxd2 Qb6 13. b4 Ba6 14. Nc4 Qd4
15. Bxh7+ {Black resigns} 1-0

[Event "Team 45 45 League T76"]
[Site "Internet Chess Club"]
[Date "2018.03.22"]
[Round "1"]
[White "KidRattler"]
[Black "kutch"]
[Result "0-1"]
[WhiteElo "1604"]
[BlackElo "1566"]
[Opening "Evans gambit: compromised defense"]
[ECO "C52"]
[Time "19:25:42"]
[TimeControl "2700+45"]

1. e4 e5 2. Nf3 Nc6 3. Bc4 Bc5 4. b4 Bxb4 5. c3 Ba5 6. d4 exd4 7. O-O dxc3 8.
Qb3 Nh6 9. Bxh6 gxh6 10. Bxf7+ Kf8 11. Bd5 Qe7 12. Nxc3 Qb4 13. Ne2 Qxb3 14.
axb3 Bb6 15. Ng3 Ne7 16. Ne5 Bd4 17. Nf7 Bxa1 18. Nxh8 Bxh8 19. f4 Nxd5 20. exd5
Bd4+ 21. Kh1 d6 22. h3 Bd7 23. Ne2 Bb5 24. Rd1 Bb6 25. Nc3 a6 26. Ne4 Kf7 27. g3
Re8 28. Re1 Bd3 29. Nxd6+ cxd6 30. Rxe8 Kxe8 31. Kg2 Be4+ 32. Kf1 Bxd5 33. b4 a5
34. bxa5 Bxa5 35. g4 Bc4+ 36. Kf2 b5 37. g5 hxg5 38. fxg5 b4 39. h4 Kf7 40. h5
b3 41. g6+ hxg6 42. h6 g5 43. h7 Kg7 44. h8=Q+ Kxh8 45. Kg3 b2 46. Kg4 b1=Q 47.
Kh5 g4 48. Kh4 g3 49. Kh3 g2 50. Kxg2 Qf5 51. Kh2 Qg4 52. Kh1 Bd5+ 53. Kh2 Qg2#
{White checkmated} 0-1

[Event "Team 45 45 League T76"]
[Site "Internet Chess Club"]
[Date "2018.03.26"]
[Round "1"]
[White "clarinetref"]
[Black "herrahuu"]
[Result "1-0"]
[WhiteElo "1534"]
[BlackElo "1441"]
[Opening "Bird: From gambit"]
[ECO "A02"]
[Time "10:00:28"]
[TimeControl "2700+45"]

1. f4 e5 2. fxe5 d6 3. Nf3 dxe5 4. e4 Nf6 5. d3 Nbd7 6. h3 Bc5 7. Bg5 h6 8. Bh4
O-O 9. Nc3 c6 10. Bg3 Re8 11. Qd2 Bb6 12. a3 Bc7 13. O-O-O c5 14. Nh4 Nh5 15.
Bf2 Ndf6 16. Be2 b6 17. Bxh5 Nxh5 18. Nd5 Be6 19. Ne3 c4 20. Nxc4 Bxc4 21. dxc4
Nf4 22. g3 Ne6 23. Qb4 Qe7 24. Qc3 Rac8 25. Nf5 Qf8 26. Rhf1 g6 27. Ne3 Nd4 28.
Rd2 Bb8 29. Nd5 Re6 30. Kb1 Nb5 31. Qf3 Rxc4 32. Nf6+ Rxf6 33. Qxf6 Nxa3+ 34.
Ka2 Bc7 35. Be3 Nxc2 36. Bxh6 Qxh6 37. Qxf7+ Kh8 38. Qe8+ Kh7 39. Rd7+ Qg7 40.
Rxg7+ Kxg7 41. Rf7+ Kh6 42. Qh8+ Kg5 43. Qh4# {Black checkmated} 1-0

[Event "Team 45 45 League T76"]
[Site "Internet Chess Club"]
[Date "2018.03.26"]
[Round "1"]
[White "stanbeers"]
[Black "sdcohle"]
[Result "1-0"]
[WhiteElo "1395"]
[BlackElo "1348"]
[Opening "Old Indian defense"]
[ECO "A42"]
[Time "21:00:32"]
[TimeControl "2700+45"]

1. d4 d6 2. c4 c6 3. Nf3 Bg4 4. Nc3 Qc7 5. e4 e5 6. Be2 Nf6 7. Be3 Be7 8. O-O
O-O 9. Rc1 Nbd7 10. d5 a6 11. a4 c5 12. b3 Bd8 13. Qc2 Qc8 14. Ng5 h6 15. Nf3
Ba5 16. Bd2 Bh5 17. Nh4 Bxc3 18. Bxc3 Bg6 19. Nf5 a5 20. Ne7+ Kh8 21. Nxc8 Bxe4
22. Qd1 Rfxc8 23. f3 Bh7 24. Bd3 e4 25. fxe4 Bxe4 26. Bxe4 Nxe4 27. Bxg7+ Kxg7
28. Qg4+ Ng5 29. Qxd7 Rd8 30. Qf5 Rf8 31. h4 Nh7 32. Rce1 f6 33. Re7+ Rf7 34.
Rxf7+ Kxf7 35. Qxh7+ Ke8 36. Qh8+ Kd7 37. Qxa8 {Black resigns} 1-0

[Event "Team 45 45 League T76"]
[Site "Internet Chess Club"]
[Date "2018.03.23"]
[Round "1"]
[White "Aquaman"]
[Black "Just-Jim"]
[Result "0-1"]
[WhiteElo "1266"]
[BlackElo "1160"]
[Opening "Réti: King's Indian attack (Barcza system)"]
[ECO "A07"]
[Time "16:01:12"]
[TimeControl "2700+45"]

1. Nf3 d5 2. g3 e6 3. Bg2 c6 4. O-O Nd7 5. d3 Be7 6. Nbd2 h6 7. Re1 Ngf6 8. e4
e5 9. exd5 cxd5 10. Nxe5 O-O 11. Nef3 Bc5 12. Nb3 Bb6 13. Be3 Bxe3 14. Rxe3 Ng4
15. Re1 f5 16. h3 Ngf6 17. Qd2 Qb6 18. Qe3 Re8 19. Qxb6 Rxe1+ 20. Rxe1 axb6 21.
a3 Nc5 22. Nbd4 Bd7 23. Nh4 Ba4 24. b3 Bd7 25. a4 Na6 26. Nhxf5 Bxf5 27. Nxf5
Nb4 28. Nd4 Re8 29. Rxe8+ Nxe8 30. Bf1 Nc6 31. Nf5 Kf7 32. g4 d4 33. Be2 Nf6 34.
Nd6+ Ke7 35. Nc4 Nb4 36. Bd1 Na2 37. Nxb6 Nc3 38. Bf3 Na2 39. Nc4 Nb4 40. Na3
Nbd5 41. Kf1 Nf4 42. Bg2 b6 43. Nc4 N6d5 44. a5 bxa5 45. Nxa5 Nb4 46. Nc6+ Nxc6
47. Bxc6 Kd6 48. Bg2 Kc5 49. Ke1 Nxg2+ 50. Ke2 Nf4+ 51. Kf3 Nxh3 52. Kg3 Ng5 53.
f3 Kb4 54. f4 Ne6 55. f5 Nc5 56. Kf4 Kc3 57. Ke5 Nxd3+ 58. Ke6 Nf4+ 59. Ke5 Ne2
60. f6 gxf6+ 61. Kxf6 Kxc2 62. Kg6 d3 63. Kxh6 d2 {White resigns} 0-1

[Event "Team 45 45 League T76"]
[Site "Internet Chess Club"]
[Date "2018.03.25"]
[Round "1"]
[White "kllrchris"]
[Black "Heian"]
[Result "0-1"]
[WhiteElo "1670"]
[BlackElo "1637"]
[Opening "Scotch game"]
[ECO "C45"]
[Time "13:08:34"]
[TimeControl "2700+45"]

1. e4 e5 2. Nf3 Nc6 3. d4 exd4 4. Nxd4 Bc5 5. Nxc6 Qf6 6. Qf3 dxc6 7. Nc3 Qxf3
8. gxf3 Bd7 9. Be3 Bb4 10. Bd4 f6 11. a3 c5 12. axb4 cxd4 13. Nd5 Kd8 14. O-O-O
c6 15. Nf4 g5 16. Nd3 Be8 17. Nc5 b6 18. Rxd4+ Ke7 19. Nb3 Bh5 20. Be2 Nh6 21.
Rc4 Rac8 22. Rd1 Nf7 23. Nd4 Ne5 24. Nf5+ Ke6 25. Rcd4 Bxf3 26. Bxf3 Nxf3 27.
Rd7 Ke5 28. R1d3 g4 29. Re3 Nxh2 30. Re7+ Kf4 31. Ng7 Kg5 32. Nf5 Rce8 33. Rxa7
Kf4 34. Ne7 Ra8 35. Nxc6 Rxa7 36. Nxa7 Ra8 37. Nb5 Nf1 38. Ra3 Rxa3 39. bxa3 h5
40. a4 h4 41. a5 bxa5 42. bxa5 g3 43. fxg3+ hxg3 44. Nd4 g2 45. Ne2+ Ke3 46. Ng1
Ng3 47. a6 Ne2+ 48. Nxe2 Kxe2 49. a7 g1=Q+ 50. Kb2 Qxa7 {White resigns} 0-1

[Event "Team 45 45 League T76"]
[Site "Internet Chess Club"]
[Date "2018.03.24"]
[Round "1"]
[White "andrew37"]
[Black "WillC"]
[Result "0-1"]
[WhiteElo "1663"]
[BlackElo "1764"]
[Opening "King's Indian: orthodox, 7...Nbd7"]
[ECO "E94"]
[Time "15:10:11"]
[TimeControl "2700+45"]

1. Nf3 Nf6 2. d4 g6 3. c4 Bg7 4. Nc3 d6 5. e4 O-O 6. Be2 Nbd7 7. O-O e5 8. dxe5
dxe5 9. Qc2 Qe7 10. h3 c6 11. Be3 a5 12. Rad1 Nc5 13. Rd2 Nh5 14. Rfd1 Nf4 15.
Bf1 f5 16. Rd6 Nxe4 17. Nxe4 fxe4 18. Qxe4 Bf5 19. Rd7 Bxd7 20. c5 Bf5 21. Qc4+
Be6 22. Qc1 Rad8 23. Re1 Qd7 24. Bxf4 exf4 25. Ng5 Bd5 26. Bc4 Rde8 27. Rd1 h6
28. Nf3 Qf7 29. Bxd5 cxd5 30. Qd2 Rd8 31. Qxa5 Bxb2 32. Rb1 Bf6 33. Qd2 g5 34.
Rb6 d4 35. Qd3 Kg7 36. Qb5 Rd7 37. Nd2 d3 38. Ne4 d2 39. Rxf6 Qe8 40. Qb2 d1=Q+
41. Kh2 Qd4 {White resigns} 0-1

[Event "Team 45 45 League T76"]
[Site "Internet Chess Club"]
[Date "2018.03.26"]
[Round "1"]
[White "JohLeb"]
[Black "QuieroAprender"]
[Result "1-0"]
[WhiteElo "1622"]
[BlackElo "1504"]
[Opening "King's Indian: 6.Be2"]
[ECO "E91"]
[Time "13:15:57"]
[TimeControl "2700+45"]

1. d4 Nf6 2. c4 g6 3. Nc3 Bg7 4. e4 d6 5. Be2 O-O 6. Nf3 Bg4 7. h3 Bxf3 8. Bxf3
c6 9. O-O Re8 10. e5 dxe5 11. dxe5 Qxd1 12. Rxd1 Nfd7 13. e6 fxe6 14. Be3 Nb6
15. Bg4 Kf7 16. Rac1 Nxc4 17. Ne4 Nxe3 18. Ng5+ Kg8 19. Bxe6+ Kh8 20. fxe3 Bf6
21. Nf7+ Kg7 22. Nd8 Na6 23. Nxb7 Rab8 24. Rxc6 Nb4 25. Rc7 Na6 26. Rcd7 Rec8
27. b3 Rc7 28. Rxc7 Nxc7 29. Nd8 Rb6 30. Bc4 Kf8 31. Rd7 Rd6 32. Rxc7 Rxd8 33.
Rxa7 Rd1+ 34. Kf2 Rd6 35. a4 Bc3 36. a5 Bb4 37. a6 Rd8 38. Rb7 Bd6 39. a7 Ra8
40. Bd5 Ke8 41. Rc7 Rd8 42. Rc2 {Black resigns} 1-0

[Event "Team 45 45 League T76"]
[Site "Internet Chess Club"]
[Date "2018.03.23"]
[Round "1"]
[White "Hectormercado"]
[Black "Scorpius"]
[Result "1/2-1/2"]
[WhiteElo "1470"]
[BlackElo "1308"]
[Opening "Petrov: Cozio (Lasker) attack"]
[ECO "C42"]
[Time "18:02:57"]
[TimeControl "2700+45"]

1. e4 e5 2. Nf3 Nf6 3. Nxe5 d6 4. Nf3 Nxe4 5. Qe2 Qe7 6. Nc3 Nxc3 7. dxc3 Qxe2+
8. Bxe2 Nc6 9. O-O h6 10. Bb5 Bd7 11. Nd4 Nxd4 12. Bxd7+ Kxd7 13. cxd4 Be7 14.
Be3 Raf8 15. c4 f5 16. c5 f4 17. cxd6 fxe3 18. dxe7 exf2+ 19. Rxf2 Rxf2 20. Kxf2
Kxe7 21. Rc1 Kd6 22. Ke3 Re8+ 23. Kd3 Rf8 24. Ke3 Re8+ 25. Kd3 Rf8 26. Ke3 Re8+
{Game drawn by repetition} 1/2-1/2

[Event "Team 45 45 League T76"]
[Site "Internet Chess Club"]
[Date "2018.03.25"]
[Round "1"]
[White "calsal"]
[Black "Packerfan"]
[Result "1-0"]
[WhiteElo "1721"]
[BlackElo "1738"]
[Opening "Two knights defense"]
[ECO "C59"]
[Time "16:11:29"]
[TimeControl "2700+45"]

1. e4 e5 2. Bc4 Nf6 3. Nf3 Nc6 4. Ng5 d5 5. exd5 Na5 6. Bb5+ c6 7. dxc6 bxc6 8.
Be2 h6 9. Nf3 e4 10. Ne5 Qd4 11. f4 Bc5 12. Rf1 Bd6 13. c3 Qb6 14. d3 exd3 15.
Qxd3 Qc7 16. b4 Nb7 17. Qc4 O-O 18. Be3 Re8 19. Nd2 Bxe5 20. fxe5 Qxe5 21. Bd4
Qe7 22. Bxf6 gxf6 23. Rf2 c5 24. Kf1 cxb4 25. cxb4 Qe5 26. Rd1 Qxh2 27. Ke1 Nd6
28. Qd5 Bb7 29. Qd3 Qg1+ 30. Rf1 Qxg2 31. Rf2 Qc6 32. Qh3 Kh7 33. Rh2 Ba6 34.
Qxh6+ Kg8 35. Qh8# {Black checkmated} 1-0

[Event "Team 45 45 League T76"]
[Site "Internet Chess Club"]
[Date "2018.03.24"]
[Round "1"]
[White "Electryon"]
[Black "SirIvanhoe"]
[Result "0-1"]
[WhiteElo "1516"]
[BlackElo "1593"]
[Opening "Queen's pawn, Mason variation"]
[ECO "D00"]
[Time "19:00:52"]
[TimeControl "2700+45"]

1. d4 d5 2. Bf4 Nf6 3. e3 c5 4. c3 Nc6 5. Nd2 Bf5 6. Qb3 Qc8 7. Ngf3 e6 8. Be2
c4 9. Qd1 b5 10. b3 Ba3 11. b4 Bb2 12. Rb1 Bxc3 13. O-O Bxb1 14. Qxb1 Bxd2 15.
Nxd2 O-O 16. Bd6 Re8 17. Qc2 e5 18. dxe5 Nxe5 19. Nb1 Qd7 20. Bc5 a5 21. a3 axb4
22. Bxb4 Nc6 23. Bc5 Ne4 24. Bb4 Nxb4 25. axb4 Qe7 26. Rd1 Nf6 27. Nc3 Qxb4 28.
Nxd5 Nxd5 29. Rxd5 Qe1+ 30. Bf1 Ra1 {White resigns} 0-1

[Event "Team 45 45 League T76"]
[Site "Internet Chess Club"]
[Date "2018.03.26"]
[Round "1"]
[White "Chess4Him"]
[Black "kutch"]
[Result "1-0"]
[WhiteElo "1540"]
[BlackElo "1548"]
[Opening "Queen's pawn game"]
[ECO "A46"]
[Time "21:00:28"]
[TimeControl "2700+45"]

1. d4 Nf6 2. Nf3 e6 3. Bf4 b6 4. e3 Bb7 5. Nbd2 c5 6. c3 Be7 7. Bd3 O-O 8. h3
cxd4 9. cxd4 Bb4 10. O-O d5 11. Qe2 Ne4 12. a3 Bd6 13. Bxd6 Qxd6 14. Rac1 Nd7
15. Nb1 a6 16. Rc2 b5 17. Rfc1 Rac8 18. Nfd2 Rxc2 19. Rxc2 Nb6 20. Nc3 Nxc3 21.
Rxc3 Rc8 22. Rxc8+ Nxc8 23. Nb3 e5 24. Qc2 e4 25. Be2 Ne7 26. Qc5 Qxc5 27. Nxc5
Bc8 28. b4 f5 29. f4 h6 30. Kh2 g5 31. g3 Kg7 32. Kg2 Kg6 33. Kf2 Ng8 34. a4
bxa4 35. Nxa4 Ne7 36. Nc5 Kf6 37. Nxa6 Bxa6 38. Bxa6 Ke6 39. b5 Kd6 40. Ke2 Ng6
41. Bc8 Ne7 42. Ba6 Ng6 43. Bc8 Ne7 44. Ba6 Kc7 45. fxg5 hxg5 46. h4 gxh4 47.
gxh4 Ng8 48. Kf2 Nh6 49. Kg3 Ng4 50. Kf4 Nh6 51. Kg5 Kb6 52. Bc8 Nf7+ 53. Kf6
Nd6 54. Bxf5 Nc4 55. h5 Nxe3 56. h6 Nxf5 57. Kxf5 e3 58. h7 e2 59. h8=Q e1=Q 60.
Qb8+ Ka5 61. Qa7+ Kxb5 62. Qc5+ Ka6 63. Qxd5 Qf2+ 64. Ke6 Qe3+ 65. Kd7 Qg3 66.
Qd6+ Qxd6+ 67. Kxd6 Kb7 68. Kd7 Kb8 69. d5 Kb7 70. d6 Kb8 71. Kd8 Kb7 72. d7 Kc6
73. Ke7 {Black resigns} 1-0

[Event "Team 45 45 League T76"]
[Site "Internet Chess Club"]
[Date "2018.03.22"]
[Round "1"]
[White "tryanything"]
[Black "BrerRabbit"]
[Result "0-1"]
[WhiteElo "1515"]
[BlackElo "1456"]
[Opening "Philidor: Improved Hanham variation"]
[ECO "B07"]
[Time "19:32:41"]
[TimeControl "2700+45"]

1. e4 d6 2. d4 Nf6 3. Nc3 e5 4. Nf3 Nbd7 5. h3 Be7 6. Bc4 O-O 7. O-O c6 8. a4
Nxe4 9. Nxe4 d5 10. Bxd5 cxd5 11. Nc3 e4 12. Ne5 Nf6 13. Bf4 Be6 14. Re1 Rc8 15.
f3 exf3 16. Qxf3 Bb4 17. Re3 h6 18. Rd1 a6 19. Qf2 Bxc3 20. bxc3 Ne4 21. Qe1 Qa5
22. Rxe4 dxe4 23. Qxe4 Qd5 24. Qd3 Qa5 25. c4 Qxa4 26. d5 Rfd8 27. Qb3 Qxb3 28.
cxb3 Bf5 29. Rf1 Bg6 30. g4 Bc2 31. Rf3 f6 {White resigns} 0-1

[Event "Team 45 45 League T76"]
[Site "Internet Chess Club"]
[Date "2018.03.24"]
[Round "1"]
[White "fireball"]
[Black "kabindra"]
[Result "0-1"]
[WhiteElo "1561"]
[BlackElo "1717"]
[Opening "Vienna gambit"]
[ECO "C29"]
[Time "12:01:24"]
[TimeControl "2700+45"]

1. e4 e5 2. Nc3 Nf6 3. f4 d6 4. Nf3 Nc6 5. Bb5 Bg4 6. h3 Bd7 7. d3 exf4 8. Bxf4
Be7 9. O-O O-O 10. Qe2 Re8 11. Rad1 a6 12. Bc4 b5 13. Bb3 Na5 14. Qf2 Nxb3 15.
axb3 b4 16. Ne2 h6 17. Nh2 c5 18. Ng3 Rf8 19. Qe3 Be6 20. Bxh6 gxh6 21. Qxh6 Ne8
22. Nf5 Bxf5 23. Rxf5 Ng7 24. Rdf1 Qd7 25. Ng4 f6 26. Qg6 Qe8 27. Nh6+ Kh8 28.
Qg4 Bd8 29. Qh4 Qg6 30. R1f3 Ra7 31. Rg3 Nxf5 32. exf5 Qh7 33. Qf4 Rg7 34. Ng4
Bc7 35. Re3 d5 36. Qf3 Be5 37. Qxd5 Bd4 38. Kf1 Bxe3 39. Nxe3 Rc7 40. Qd6 Qe7
41. Qf4 Re8 42. Qh6+ Kg8 43. Qg6+ Kf8 44. Qh6+ Qg7 45. Qf4 Rce7 46. Ng4 Re1+ 47.
Kf2 R8e2+ 48. Kg3 Rg1 49. Qd6+ Qe7 50. Qxa6 Rgxg2+ 51. Kf3 Rg1 52. Qc8+ Kg7 53.
Qc6 Rf1+ 54. Kg3 Rxc2 55. Qd5 Qe1+ {White resigns} 0-1